 Dungeon Crawl Stone Soup version 0.24.0-123-gd5b16e6ec5 (webtiles) character file.

Game seed: 7224647897767944641, levelgen mode: deterministic

361538 purzel the Eclecticist (level 20, -15/136 HPs)
             Began as a Demigod Enchanter on Jan 14, 2020.
             Killed from afar by a spriggan air mage (47 damage)
             ... with a bolt of lightning
             ... in a wizard's laboratory on Jan 21, 2020.
             The game lasted 15:37:54 (81911 turns).

purzel the Eclecticist (Demigod Enchanter)         Turns: 81911, Time: 15:37:54

Health: -15/136    AC: 22    Str: 15    XL:     20   Next: 62%
Magic:  29/47      EV: 15    Int: 32    God:
Gold:   1771       SH: 18    Dex: 18    Spells: 9/53 levels left

rFire    + + +     SeeInvis .   a - +9 falchion (elec)
rCold    + . .     Gourm    .   T - +5 shield {reflect}
rNeg     . . .     Faith    .   M - +3 ring mail {rF+}
rPois    +         Spirit   .   Z - +3 helmet of the Shrike {rF++ rC+ Int-2 Dex+2}
rElec    .         Reflect  +   c - +2 cloak {MR+}
rCorr    .         Harm     .   o - +2 pair of gloves
MR       ++++.                  e - +0 pair of boots
Stlth    ++........             s - amulet of magic regeneration
HPRegen  0.32/turn              z - ring "Kodoj" {Wiz rPois rF++ Str-2 Int+9}
MPRegen  0.55/turn              b - ring of protection from magic

@: contaminated, glowing, studying Shields, invisible (but backlit and visible)
A: frail 1, high mp 1, subdued magic 1
}: 2/15 runes: barnacled, gossamer
a: no special abilities


You were in a wizard's laboratory.
You were not hungry.

You visited 8 branches of the dungeon, and saw 39 of its levels.
You also visited: Wizlab.

You collected 3793 gold pieces.
You spent 2022 gold pieces at shops.

Inventory:

Hand Weapons
 a - a +9 falchion of electrocution (weapon)
 D - a +8 quick blade
Missiles
 A - 25 poisoned darts (quivered)
 F - 5 atropa-tipped darts
Armour
 c - a +2 cloak of magic resistance (worn)
 e - a +0 pair of boots (worn)
 o - a +2 pair of gloves (worn)
 w - the +2 leather armour of Pleasant Breezes {rPois rC+ Int-5 Stlth+, unknown}
   (You found it on level 3 of the Vaults)

   It affects your intelligence (-5).
   It protects you from cold.
   It protects you from poison.
   It makes you more stealthy.
 M - a +3 ring mail of fire resistance (worn)
 T - a +5 shield of reflection (worn)
 Z - the +3 helmet of the Shrike (worn) {rF++ rC+ Int-2 Dex+2}
   (You found it on level 2 of the Elven Halls)

   It affects your intelligence (-2).
   It affects your dexterity (+2).
   It greatly protects you from fire.
   It protects you from cold.
Jewellery
 b - a ring of protection from magic (right hand)
 s - an amulet of magic regeneration (around neck)
 z - the ring "Kodoj" (left hand) {Wiz rPois rF++ Str-2 Int+9}
   (You bought it in a shop on level 2 of the Orcish Mines)

   [ring of wizardry]

   It improves your spell success rate.
   It affects your strength (-2).
   It affects your intelligence (+9).
   It greatly protects you from fire.
   It protects you from poison.
 G - an uncursed ring of protection from cold
 S - an uncursed ring of resist corrosion
Wands
 q - a wand of iceblast (8)
 C - a wand of disintegration (53)
 Q - a wand of scattershot (4)
 R - a wand of digging (11)
Scrolls
 f - 24 scrolls of remove curse
 g - a scroll of fog
 k - 2 scrolls of silence
 n - 3 scrolls of magic mapping
 p - 17 scrolls of identify
 y - 7 scrolls of amnesia
 I - a scroll of holy word
 U - 8 scrolls of fear
 V - 2 scrolls of blinking
 X - 3 scrolls of enchant weapon
 Y - 9 scrolls of teleportation
Potions
 h - 4 potions of mutation
 i - 2 potions of agility
 u - a potion of berserk rage
 v - a potion of haste
 x - 6 potions of cancellation
 B - 3 potions of flight
 H - 4 potions of brilliance
 J - 7 potions of curing
 K - a potion of resistance
 L - 2 potions of magic
 N - a potion of might
 P - 2 potions of invisibility
Books
 j - a manual of Shields
Miscellaneous
 l - a lightning rod (4/4)
 r - a phantom mirror
 t - a phial of floods
 W - a box of beasts
Comestibles
 d - 19 rations
 m - 6 chunks of flesh


   Skills:
 - Level 7.5 Fighting
 - Level 1.5(7.4) Short Blades
 - Level 11.2(11.3) Long Blades
 - Level 9.4 Throwing
 - Level 7.7 Armour
 - Level 7.0 Dodging
 - Level 13.2 Stealth
 * Level 13.4 Shields
 * Level 17.0 Spellcasting
 - Level 3.1 Conjurations
 - Level 13.3 Hexes
 - Level 6.6 Summonings
 - Level 3.2 Translocations
 + Level 8.0 Fire Magic
 + Level 7.8 Ice Magic
 + Level 3.1 Evocations


You had 9 spell levels left.
You knew the following spells:

 Your Spells              Type           Power        Failure   Level  Hunger
a - Corona                Hex            ######.      0%          1    None
b - Confuse               Hex            ######..     0%          3    None
c - Tukima's Dance        Hex            ######..     0%          3    None
d - Inner Flame           Hex/Fire       ######..     1%          3    None
e - Summon Guardian Gole  Hex/Summ       ######..     1%          3    None
f - Summon Ice Beast      Ice/Summ       ######..     1%          4    None
g - Blink                 Tloc           N/A          1%          2    None
h - Gell's Gravitas       Tloc           #####.....   1%          3    None
i - Conjure Flame         Conj/Fire      #####...     1%          3    None
j - Passage of Golubria   Tloc           N/A          2%          4    None
k - Fireball              Conj/Fire      #####.....   2%          5    None
l - Cause Fear            Hex            ######....   1%          4    None
m - Invisibility          Hex            ######..     1%          6    #......

Your spell library contained the following spells:

 Spells                   Type           Power        Failure   Level  Hunger
 Slow                     Hex            ######..     0%          2    None
 Apportation              Tloc           #####.       1%          1    None
 Flame Tongue             Conj/Fire      #####        1%          1    None
 Summon Butterflies       Summ           ######..     1%          1    None
 Summon Small Mammal      Summ           ####         1%          1    None
 Call Imp                 Summ           ######..     1%          2    None
 Ensorcelled Hibernation  Hex/Ice        ######       1%          2    None
 Passwall                 Tmut/Erth      ###.....     1%          2    None
 Poisonous Vapours        Pois/Air       ###...       1%          2    None
 Shroud of Golubria       Chrm/Tloc      ####..       1%          2    None
 Swiftness                Chrm/Air       ###.....     1%          2    None
 Throw Flame              Conj/Fire      #####.       1%          2    None
 Call Canine Familiar     Summ           ######..     1%          3    None
 Dazzling Spray           Conj/Hex       ######       1%          3    None
 Ignite Poison            Fire/Tmut/Pois ####....     1%          3    None
 Lesser Beckoning         Tloc           #####.....   1%          3    None
 Portal Projectile        Hex/Tloc       ######       1%          3    None
 Recall                   Summ/Tloc      N/A          1%          3    None
 Stone Arrow              Conj/Erth      ####..       1%          3    None
 Teleport Other           Tloc           #####...     1%          3    None
 Ice Form                 Ice/Tmut       #####...     1%          4    None
 Leda's Liquefaction      Hex/Erth       ######....   1%          4    None
 Sticky Flame             Conj/Fire      #####...     1%          4    None
 Aura of Abjuration       Summ           ######....   1%          5    None
 Metabolic Englaciation   Hex/Ice        ######....   1%          5    None
 Summon Demon             Summ           ######....   1%          5    None
 Summon Mana Viper        Hex/Summ       ######..     1%          5    None
 Darkness                 Hex            ######....   1%          6    #......
 Summon Lightning Spire   Summ/Air       #####...     2%          4    None
 Summon Forest            Summ/Tloc      #####.....   4%          5    None
 Bolt of Magma            Conj/Fire/Erth #####.....   7%          5    None
 Ozocubu's Refrigeration  Ice            ######....   7%          6    #......
 Shadow Creatures         Summ           N/A          12%         6    #......
 Bolt of Cold             Conj/Ice       #####.....   17%         6    #......
 Bolt of Fire             Conj/Fire      #####.....   17%         6    #......
 Alistair's Intoxication  Tmut/Pois      ###.....     30%         5    None
 Lee's Rapid Deconstruct  Erth           ###.......   30%         5    None
 Simulacrum               Ice/Necr       #####.....   32%         6    #......
 Freezing Cloud           Conj/Ice/Air   #####.....   36%         6    #......
 Iron Shot                Conj/Erth      ####......   65%         6    #......
 Statue Form              Tmut/Erth      ###......    85%         6    #......
 Ring of Flames           Chrm/Fire      #####.....   86%         7    ####...
 Ignition                 Fire           ######....   95%         8    ######.
 Shatter                  Erth           ###.......   100%        9    #######


Dungeon Overview and Level Annotations

Branches:
Dungeon (15/15)            Temple (0/1) D:4            Lair (6/6) D:11
 Shoals (4/4) Lair:4       Spider (4/4) Lair:3        Slime (0/5) Lair:5
    Orc (2/2) D:9             Elf (3/3) Orc:2        Vaults (3/5) D:13
  Crypt (0/3) Vaults:3     Depths (2/5) D:15         WizLab (1/1)

Shops:
D:8 }   Orc:2 =[(*   Elf:1 *   Elf:3 !   Shoals:2 [   Vaults:1 ?   Vaults:2 [

Portals:
Hell: Depths:1 Depths:2
Ziggurat: Depths:2
Trove: D:10 (show slimy rune of Zot)

Annotations:
D:12 exclusion: obsidian statue
D:13 ! dancing longsword +6
Shoals:3 3 runed translucent doors, Yramykigh's ghost, journeyman HOFi
Spider:3 ghost moth
Elf:2 ; trapped glaive, exclusion: door
Elf:3 trap, 9 exclusions
Depths:1 Mara
Depths:2 2 runed translucent doors


Innate Abilities, Weirdness & Mutations

You have an increased reservoir of magic. (+10% MP)
You are frail. (-10% HP)
Your spells are a little easier to cast, but a little less powerful.


Message History

Aiming: Confuse (safe; 0% risk of failure)
Press: ? - help, Shift-Dir - straight line, f - apocalypse crab
Aim: an apocalypse crab (moderately wounded, chance to defeat MR: 49%)
Okay, then.
As you read the scroll of fear, it crumbles to dust.
You assume a fearsome visage.
The blizzard demon is unaffected.
The air elemental is unaffected. x2; The apocalypse crab is unaffected.
You are engulfed in raging winds.
The air elemental hits you but does no damage.
The blizzard demon gestures at you.
The bolt of lightning misses the air elemental.
The bolt of lightning misses you. You block the air elemental's attack.
The apocalypse crab misses you. The apocalypse crab closely misses you.
A ghost crab comes into view.
You float gracefully downwards.
You block the air elemental's attack.
You block the apocalypse crab's attack. x2; The ghost crab moves out of view.
Your surroundings suddenly seem different.
The spriggan air mage points at you and mumbles some strange words.
The bolt of lightning misses you. The bolt of lightning hits you!!!
You die...

#§...§§§. #.§.§##'##
≈≈≈≈≈ .§.§##.§.## ≈≈≈≈≈
§.§##§§§..##§§ #≈≈≈≈≈
.§.#.§§§§.§# .§§ #≈≈≈≈≈
§.#'.§§§§∩.+§§§§§§#≈≈≈≈≈
§§E#§§.§§..#§...§§#≈≈≈≈≈
.2###§§..§##..§§.##≈≈≈≈≈
§Et###§§.##§.§..@#≈≈≈≈≈≈
§§#####'##§§....##≈≈≈≈≈≈
§§§###..§.§§§...#≈≈≈≈≈≈≈
§§###E.§§.§§§..##≈≈≈≈≈≈≈
###≈##.§.§§i..##≈≈≈≈§§§§
#≈≈≈≈##..§.§###≈≈≈≈§§§§§
#≈≈≈≈≈##.§.##≈≈≈≈≈≈§§§§§
##≈≈≈≈≈##.##≈≈≈≈≈≈≈§§§§§
.##≈≈≈≈≈#


You could see a spriggan air mage.

Vanquished Creatures
  Nikola (Spider:2)
  Arachne (Spider:2)
  2 liches
  A deep elf blademaster (Elf:3)
  A deep elf master archer (Elf:3)
  A kraken (Shoals:2)
  A tengu reaver (Depths:1)
  Gastronok (Lair:3)
  2 frost giants
  3 deep elf sorcerers (Elf:3)
  3 deep elf elementalists (Elf:3)
  A vault warden (Vaults:1)
  An emperor scorpion (Spider:4)
  4 ironheart preservers
  5 stone giants (Depths:1)
  4 entropy weavers
  4 deep elf demonologists
  Azrael (D:12)
  26 harpies
  3 deep elf annihilators (Elf:3)
  5 spark wasps
  4 deep elf death magi (Elf:3)
  2 fire dragons
  Snorg (Lair:3)
  3 deep elf high priests (Elf:3)
  2 merfolk impalers
  An eidolon (Vaults:3)
  6 yaktaur captains
  5 ice dragons
  2 great orbs of eyes
  2 hydras
  4 centaur warriors
  4 merfolk avatars
  A death knight (D:14)
  2 merfolk aquamancers
  2 alligator snapping turtles (Shoals:4)
  A spriggan air mage (Depths:2)
  A tengu warrior (D:15)
  A satyr (Shoals:4)
  4 ogre magi
  3 two-headed ogres
  A death yak (shapeshifter) (Depths:1)
  2 death yaks (Lair:6)
  2 deep troll earth magi
  A deep troll shaman (Depths:2)
  A vampire mage (Vaults:3)
  A spriggan berserker (Depths:2)
  11 deep elf knights
  9 spriggans (Lair:6)
  Nergalle (D:11)
  A shadow wraith (Vaults:3)
  A fire crab (Lair:6)
  An iron troll (Depths:2)
  7 skeletal warriors
  A hell knight (Depths:1)
  10 deep trolls
  A golden dragon zombie (D:15)
  3 unseen horrors
  11 sea snakes
  A flayed ghost (Vaults:3)
  2 wizards
  13 deep elf archers
  A glowing orange brain (Depths:1)
  4 ironbrand convokers
  3 necromancers
  A sphinx zombie (Vaults:1)
  A phantasmal warrior (D:15)
  5 lindwurms (Lair:6)
  An orb spider (shapeshifter) (Vaults:1)
  22 orb spiders
  4 orc sorcerers
  7 fauns
  A frost giant zombie (D:15)
  6 orc knights
  6 cyclopes
  9 manticores
  39 wolf spiders
  38 ugly things
  3 moths of wrath
  2 elephants (Lair:6)
  48 deep elf magi
  A stone giant skeleton (Vaults:2)
  6 merfolk sirens
  An apocalypse crab (WizLab)
  A vault sentinel (Vaults:1)
  7 water nymphs
  3 black mambas
  2 torpor snails
  5 centaur skeletons
  3 centaur zombies
  4 spiny frogs
  2 kobold demonologists
  2 rime drakes
  A gargoyle (D:10)
  6 komodo dragons
  A yaktaur (shapeshifter) (Vaults:2)
  10 yaktaurs
  9 demonic crawlers
  A tengu conjurer (Depths:2)
  4 freezing wraiths
  2 red devils (D:14)
  53 jumping spiders
  A wind drake (shapeshifter) (D:15)
  6 polar bears (Lair:6)
  15 hornets
  A blink frog (shapeshifter) (Vaults:1)
  A tengu simulacrum (Vaults:1)
  3 wind drakes
  7 trolls
  7 blink frogs
  11 merfolk
  A slime creature (Depths:1)
  15 dream sheep
  A stone giant simulacrum (Vaults:2)
  15 hippogriffs
  6 snapping turtles
  A human simulacrum (Vaults:2)
  A fire dragon skeleton (D:15)
  A meliai zombie (D:15)
  3 air elementals
  35 tarantellas
  A shadow (Vaults:3)
  The ghost of FishyPogo the Magician, an amateur DECj (D:4)
  27 dancing weapons
  2 wraiths
  6 water elementals
  2 wyverns
  83 redbacks
  44 yaks
  7 basilisks
  A basilisk (shapeshifter) (Vaults:1)
  A fire elemental (Elf:3)
  4 hungry ghosts
  6 vampire mosquitoes
  A hog (shapeshifter) (Elf:1)
  Menkaure (D:5)
  A yaktaur simulacrum (Vaults:2)
  5 acid dragons
  5 water moccasins
  2 hell hounds (D:12)
  14 soldier ants (Lair:3)
  Duvessa (D:5)
  2 ice beasts
  4 sky beasts
  6 porcupines
  23 orc warriors
  An ettin simulacrum (Vaults:2)
  6 black bears
  2 eyes of draining
  5 ogres
  3 phantoms
  23 wolves
  An elf skeleton (Vaults:2)
  9 boggarts
  10 centaurs
  3 human skeletons
  An ogre (shapeshifter) (Vaults:2)
  13 crocodiles
  An orc skeleton (Vaults:1)
  2 big kobolds
  An earth elemental (Elf:2)
  12 bullfrogs
  An elf simulacrum (Vaults:1)
  A glowing shapeshifter simulacrum (Vaults:1)
  Dowan (D:5)
  A hornet simulacrum (Vaults:1)
  7 scorpions
  4 killer bees (D:11)
  6 wights
  6 howler monkeys
  4 bullfrog zombies
  11 crimson imps
  A quasit (D:9)
  7 hounds
  12 orc priests
  5 bullfrog skeletons
  4 jellies
  Ijyb (D:5)
  Terence (D:2)
  3 iguanas
  14 orc wizards
  26 worker ants
  A hound zombie (D:9)
  3 hound skeletons
  A howler monkey zombie (D:5)
  A worker ant zombie (D:5)
  17 adders
  4 gnolls (D:2)
  5 shadow imps
  13 white imps
  2 oozes
  2 adder zombies
  An adder skeleton (D:5)
  4 worms
  4 dart slugs
  4 leopard geckos
  66 orcs
  A ball python (D:4)
  3 giant cockroaches
  8 goblins
  9 hobgoblins
  4 jackals (D:6)
  5 quokkas
  14 bats
  4 frilled lizards
  A giant cockroach zombie (D:6)
  A jackal zombie (D:5)
  13 kobolds
  A quokka skeleton (D:4)
  A quokka zombie (D:5)
  10 rats
  6 fungi
  5 plants
  2 tentacles
1334 creatures vanquished.

Vanquished Creatures (collateral kills)
  Rupert (D:15)
  A sphinx (Depths:2)
  Agnes (Spider:2)
  Frances (Spider:2)
  A fire giant (Depths:1)
  2 vault wardens (Vaults:1)
  An orc warlord (Orc:2)
  A deep elf sorcerer (Elf:3)
  2 deep elf elementalists (Elf:3)
  3 ironheart preservers
  Aizul (Spider:2)
  A deep elf demonologist (Elf:3)
  A deep elf annihilator (Elf:3)
  3 merfolk javelineers
  3 deep elf death magi (Elf:3)
  An ettin (Depths:1)
  6 merfolk impalers
  3 merfolk avatars (Shoals:1)
  2 hydras (Lair:6)
  An ice dragon (Depths:1)
  A spriggan air mage (Depths:1)
  A catoblepas (Shoals:3)
  5 dancing weapons
  A merfolk aquamancer (Shoals:4)
  8 two-headed ogres
  A death yak (Lair:5)
  A queen ant (Lair:3)
  A deep troll shaman (Vaults:1)
  A deep troll earth mage (Vaults:1)
  3 orc high priests (Orc:2)
  6 deep elf knights
  3 deep trolls
  3 sea snakes
  An unseen horror (Vaults:1)
  2 necromancers
  4 wolf spiders
  An orc knight (Vaults:2)
  25 deep elf magi
  3 harpies (Shoals:1)
  4 fauns
  2 manticores
  A cyclops (Shoals:1)
  3 elephants
  An oklob plant (Lair:3)
  Maurice (D:8)
  A vault sentinel (Vaults:3)
  A merfolk siren (Shoals:4)
  A yaktaur zombie (D:15)
  2 spiny frogs
  5 demonic crawlers
  4 yaktaurs
  2 red devils (D:14)
  24 merfolk
  A troll (Orc:2)
  A hornet (Lair:6)
  4 jumping spiders (Spider:2)
  A wind drake (WizLab)
  3 blink frogs
  5 snapping turtles
  10 dream sheep
  4 spriggans (Lair:6)
  3 fire elementals
  4 redbacks
  5 tarantellas
  3 yaks (Lair:6)
  A yak (shapeshifter) (Elf:2)
  A water elemental (Shoals:1)
  A warg (Orc:2)
  4 soldier ants (Lair:3)
  A human zombie (Vaults:2)
  7 ogres
  11 orc warriors
  A boggart (Depths:1)
  4 wolves
  A crocodile (Lair:6)
  A big kobold (D:11)
  4 killer bees (D:11)
  A wight (D:15)
  A crimson imp (D:13)
  2 orc priests
  An orc wizard (Orc:2)
  A worker ant (Lair:3)
  18 orcs
  A kobold (D:3)
  A fungus (Orc:2)
  A plant (Lair:3)
267 creatures vanquished.

Vanquished Creatures (others)
  Asterion (Vaults:1)
  A kraken (Shoals:1)
  A blizzard demon (WizLab)
  2 centaur warriors
  A deep troll earth mage (Vaults:1)
  A tengu warrior (D:15)
  A skeletal warrior (D:15)
  A deep elf archer (Elf:3)
  An orc knight (Orc:2)
  A fire giant skeleton (Vaults:1)
  3 yaktaurs (Vaults:2)
  A wind drake (WizLab)
  A jumping spider (Spider:1)
  5 redbacks
  An air elemental (Elf:2)
  A water elemental (Elf:3)
  A yak (Lair:6)
  37 dancing weapons
  2 soldier ants (Lair:3)
  An ogre (Vaults:3)
  2 centaurs
  17 fungi
  19 plants
  26 tentacles
  A withered plant (Shoals:3)
129 creatures vanquished.

Grand Total: 1730 creatures vanquished

Notes
Turn   | Place    | Note
-------+----------+-------------------------------------------
     0 | D:1      | purzel the Demigod Enchanter began the quest for the Orb.
     0 | D:1      | Reached XP level 1. HP: 14/14 MP: 5/5
   488 | D:1      | Reached XP level 2. HP: 20/20 MP: 5/7
   492 | D:1      | Learned a level 2 spell: Ensorcelled Hibernation
   594 | D:1      | Reached skill level 1 in Short Blades
  1132 | D:2      | Noticed Terence
  1203 | D:3      | Reached skill level 2 in Spellcasting
  1390 | D:3      | Reached XP level 3. HP: 25/26 MP: 1/8
  1747 | D:2      | Reached XP level 4. HP: 33/33 MP: 10/10
  1752 | D:2      | Learned a level 3 spell: Tukima's Dance
  1924 | D:2      | Killed Terence
  1924 | D:2      | Reached skill level 1 in Ice Magic
  2063 | D:2      | Reached skill level 1 in Armour
  2063 | D:2      | Reached XP level 5. HP: 35/39 MP: 9/11
  2183 | D:2      | Found a sacrificial altar of Ru.
  3332 | D:3      | Found a sparkling altar of Nemelex Xobeh.
  3355 | D:3      | You fall into a shaft and drop 2 floors!
  3355 | D:5      | Entered Level 5 of the Dungeon
  3392 | D:5      | Reached XP level 6. HP: 34/46 MP: 8/13
  3466 | D:5      | Noticed Ijyb
  3477 | D:5      | Reached skill level 1 in Long Blades
  3482 | D:5      | Paralysed by Ijyb for 7 turns
  3490 | D:5      | Killed Ijyb
  3583 | D:5      | Reached skill level 1 in Shields
  3583 | D:5      | Reached skill level 3 in Spellcasting
  3730 | D:4      | Found a runed translucent door.
  3740 | D:4      | Noticed FishyPogo's ghost (amateur DECj)
  3906 | D:3      | Reached XP level 7. HP: 28/51 MP: 12/15
  4075 | D:3      | Reached skill level 1 in Fighting
  4596 | D:4      | Found a staircase to the Ecumenical Temple.
  4616 | D:4      | Learned a level 3 spell: Confuse
  5047 | D:4      | Found a burning altar of Makhleb.
  5113 | D:4      | Noticed a blizzard demon
  5116 | D:4      | Noticed an orange demon
  5116 | D:4      | Noticed a ynoxinul
  5234 | D:5      | Found an iron altar of Okawaru.
  5351 | D:5      | Noticed Duvessa
  5353 | D:5      | Noticed Dowan
  5381 | D:5      | Killed Duvessa
  5424 | D:5      | Killed Dowan
  5424 | D:5      | Reached skill level 5 in Stealth
  5526 | D:5      | Reached XP level 8. HP: 43/59 MP: 14/17
  5662 | D:5      | Found a glowing golden altar of the Shining One.
  5682 | D:5      | Noticed Menkaure
  5758 | D:4      | Killed FishyPogo's ghost
  6410 | D:6      | Reached skill level 4 in Spellcasting
  6617 | D:6      | Found a bloodstained altar of Trog.
  6744 | D:6      | Noticed a two-headed ogre
  6892 | D:6      | Killed a two-headed ogre
  6892 | D:6      | Reached skill level 1 in Throwing
  6892 | D:6      | Reached XP level 9. HP: 68/68 MP: 8/19
  7394 | D:6      | Reached skill level 5 in Hexes
  7798 | D:7      | Found a sacrificial altar of Ru.
  7858 | D:7      | Reached skill level 5 in Long Blades
  8100 | D:7      | Found an ornate altar of the Wu Jian Council.
  8224 | D:7      | Reached skill level 5 in Spellcasting
  8602 | D:8      | Found Juttykk's Gadget Shoppe.
  8688 | D:8      | Noticed Maurice
  8705 | D:8      | Killed Maurice
  8900 | D:8      | Found a burning altar of Makhleb.
  8900 | D:8      | Found a radiant altar of Vehumet.
  9481 | D:9      | Found a staircase to the Orcish Mines.
  9518 | D:9      | Reached XP level 10. HP: 74/74 MP: 21/21
  9523 | D:9      | Learned a level 3 spell: Summon Guardian Golem
  9998 | D:9      | Noticed a two-headed ogre
 10010 | D:9      | Killed a two-headed ogre
 10135 | D:9      | Found a shimmering blue altar of Sif Muna.
 10135 | D:9      | Found an ancient bone altar of Kikubaaqudgha.
 10278 | D:9      | Found a hide-covered altar of Uskayaw.
 10506 | D:10     | Entered Level 10 of the Dungeon
 10935 | D:10     | Got a spiked ring mail
 10989 | D:9      | Identified the +5 ring mail of Untruth {-Cast rC+ MR+
                  | Regen+} (You found it on level 10 of the Dungeon)
 11028 | D:10     | Found a portal to a secret trove of treasure.
 11104 | D:10     | Got a heavily jewelled robe
 11593 | D:10     | Identified the +4 robe of Lytyg {Str+6 Dex+2} (You found it
                  | on level 10 of the Dungeon)
 11620 | D:10     | Identified a scroll of acquirement
 11674 | D:11     | Noticed Nergalle
 11787 | D:11     | Noticed a spectral orc warlord
 11800 | D:11     | Killed Nergalle
 11800 | D:11     | Reached skill level 6 in Spellcasting
 12303 | D:11     | Reached XP level 11. HP: 46/83 MP: 16/24
 12583 | D:10     | Learned a level 4 spell: Summon Ice Beast
 13630 | D:11     | Found a staircase to the Lair.
 13932 | D:10     | Reached skill level 1 in Summonings
 15141 | D:12     | Found a glowing golden altar of the Shining One.
 15268 | D:12     | Noticed Azrael
 15639 | D:12     | Killed Azrael
 15639 | D:12     | Reached skill level 7 in Spellcasting
 15916 | D:12     | Learned a level 2 spell: Blink
 15994 | D:12     | Noticed an obsidian statue
 16172 | D:13     | Found a frozen archway.
 16258 | D:13     | Noticed a +3 long sword
 16261 | D:13     | Noticed a +6 long sword
 16336 | Lair:1   | Entered Level 1 of the Lair of Beasts
 17025 | Lair:1   | Learned a level 3 spell: Gell's Gravitas
 18114 | Lair:2   | Reached skill level 5 in Ice Magic
 18201 | Lair:2   | Reached XP level 12. HP: 54/91 MP: 18/27
 19193 | Lair:3   | Noticed Gastronok
 19253 | Lair:3   | Reached skill level 5 in Throwing
 19498 | Lair:3   | Killed Gastronok
 20165 | Lair:3   | Reached skill level 8 in Spellcasting
 20188 | Lair:3   | Reached skill level 5 in Armour
 20480 | Lair:3   | Found a hole to the Spider Nest.
 20622 | Lair:3   | Noticed Snorg
 20661 | Lair:3   | Killed Snorg
 21330 | Lair:4   | Noticed a four-headed hydra
 21337 | Lair:4   | Killed a two-headed hydra
 21714 | Lair:4   | Found a staircase to the Shoals.
 23185 | Lair:5   | Reached skill level 1 in Translocations
 23865 | Lair:5   | Found a staircase to the Slime Pits.
 24259 | Lair:6   | Entered Level 6 of the Lair of Beasts
 24306 | Lair:6   | Reached XP level 13. HP: 87/99 MP: 25/29
 26220 | Lair:6   | Got a transparent scythe
 26229 | Lair:6   | Identified the +7 scythe "Wasohog" {elec, +Inv rPois rC+}
                  | (You found it on level 6 of the Lair of Beasts)
 26868 | Lair:6   | Paralysed by a hornet for 2 turns
 26967 | Lair:6   | Reached skill level 9 in Spellcasting
 26967 | Lair:6   | Reached skill level 10 in Stealth
 27483 | Lair:6   | Reached skill level 5 in Fighting
 28737 | Lair:3   | Learned a level 3 spell: Conjure Flame
 28738 | Spider:1 | Entered Level 1 of the Spider Nest
 28994 | Spider:1 | Reached skill level 5 in Dodging
 29418 | Lair:2   | You fall into a shaft and drop 2 floors!
 29886 | Spider:1 | Reached XP level 14. HP: 107/107 MP: 32/32
 30357 | Lair:3   | Reached skill level 1 in Conjurations
 30357 | Lair:3   | Reached skill level 1 in Fire Magic
 30357 | Lair:3   | Reached skill level 1 in Evocations
 30357 | Lair:3   | Reached XP level 15. HP: 113/113 MP: 33/33
 30363 | Lair:3   | Learned a level 4 spell: Passage of Golubria
 30363 | Lair:3   | Reached skill level 5 in Shields
 30363 | Lair:3   | Reached skill level 10 in Spellcasting
 30363 | Lair:3   | Reached XP level 16. HP: 122/122 MP: 33/35
 31629 | Orc:1    | Entered Level 1 of the Orcish Mines
 32111 | Orc:2    | Entered Level 2 of the Orcish Mines
 32111 | Orc:2    | Found Fongijarch's Antique Weapon Shop.
 33291 | D:5      | Killed Menkaure
 33689 | Shoals:1 | Entered Level 1 of the Shoals
 34083 | Spider:2 | Noticed Aizul
 34547 | Spider:2 | Reached skill level 10 in Hexes
 35057 | Spider:2 | Noticed Agnes
 35073 | Spider:2 | Killed Agnes
 35073 | Spider:2 | Noticed Arachne
 36312 | D:13     | Learned a level 5 spell: Fireball
 36977 | D:13     | Found a gate to the Vaults.
 37201 | D:14     | Reached skill level 11 in Spellcasting
 38004 | D:14     | Learned a level 4 spell: Cause Fear
 38527 | D:15     | Entered Level 15 of the Dungeon
 38990 | D:15     | Noticed Rupert
 39020 | D:15     | Killed Rupert
 39029 | D:15     | Found a staircase to the Depths.
 39899 | D:15     | Reached XP level 17. HP: 80/129 MP: 16/37
 41125 | Orc:2    | Found Odaupp's Antique Armour Emporium.
 41334 | Orc:2    | Bought a glowing ring mail for 245 gold pieces
 41334 | Orc:2    | Bought a heavily runed chain mail for 332 gold pieces
 41334 | Orc:2    | Identified the +0 chain mail "Ifiylal" {Str+3 Dex-4 Slay+3}
                  | (You bought it in a shop on level 2 of the Orcish Mines)
 41384 | Orc:2    | Found Miuwk's Jewellery Shop.
 41467 | Orc:2    | Bought the ring "Kodoj" {Wiz rPois rF++ Str-2 Int+9} for
                  | 807 gold pieces
 41583 | Orc:2    | Found a staircase to the Elven Halls.
 41584 | Orc:2    | Found Roaph's General Store.
 41745 | Orc:2    | Learned a level 3 spell: Inner Flame
 41974 | Depths:1 | Entered Level 1 of the Depths
 43537 | Depths:1 | Noticed a lich
 43907 | Spider:2 | Reached skill level 5 in Fire Magic
 44152 | Spider:2 | Killed Arachne
 44440 | Spider:2 | Noticed Nikola
 45561 | Shoals:1 | Reached skill level 12 in Spellcasting
 46771 | Shoals:2 | Reached skill level 10 in Long Blades
 47095 | Shoals:2 | Reached skill level 5 in Summonings
 47115 | Shoals:2 | Found Wogrurys's Armour Shoppe.
 47878 | Shoals:3 | Found a runed translucent gate.
 47879 | Shoals:3 | Found a runed translucent gate.
 47881 | Shoals:3 | Found a runed translucent gate.
 47968 | Shoals:3 | Noticed Yramykigh's ghost (journeyman HOFi)
 48910 | Shoals:4 | Entered Level 4 of the Shoals
 49566 | Shoals:4 | Reached XP level 18. HP: 88/137 MP: 39/39
 49983 | Shoals:4 | Got an encrusted hand axe
 50000 | Shoals:4 | Identified the cursed +1 hand axe of Roejiz {pain, rPois
                  | rF+ rN+ Str+6} (You found it on level 4 of the Shoals)
 51528 | Shoals:4 | Got a barnacled rune of Zot
 51958 | Spider:2 | Killed Aizul
 52978 | Spider:2 | Noticed Frances
 53352 | Spider:2 | Killed Frances
 54085 | Spider:2 | Killed Nikola
 55489 | Spider:3 | Got a polished shield
 55491 | Spider:3 | Identified the +2 shield of Liberalism {Str+2 Dex+3} (You
                  | found it on level 3 of the Spider Nest)
 55575 | Spider:3 | Reached skill level 13 in Spellcasting
 55984 | Spider:4 | Entered Level 4 of the Spider Nest
 58993 | Spider:4 | Got a gossamer rune of Zot
 59362 | Elf:1    | Entered Level 1 of the Elven Halls
 60546 | Elf:1    | Identified the Guide on Summoning
 60629 | Elf:1    | Found Gank's General Store.
 60634 | Elf:1    | Bought a scroll of silence for 120 gold pieces
 61872 | Elf:1    | Learned a level 6 spell: Invisibility
 61914 | Elf:2    | Reached skill level 10 in Shields
 62101 | Elf:1    | Reached XP level 19. HP: 93/145 MP: 21/42
 62128 | Elf:1    | Gained mutation: You are frail. (-10% HP) [mutagenic glow]
 63294 | Elf:2    | Identified the Almanac of Hurtful Weightlessness
 63333 | Elf:2    | Got a spiked helmet
 63446 | Elf:2    | Got a steaming ring mail
 63498 | Elf:1    | Identified the +1 ring mail of Affouts {+Blink rPois rC+}
                  | (You found it on level 2 of the Elven Halls)
 63519 | Elf:1    | Identified the +3 helmet of the Shrike {rF++ rC+ Int-2
                  | Dex+2} (You found it on level 2 of the Elven Halls)
 63858 | Elf:2    | Found a runed translucent gate.
 63858 | Elf:2    | Found a runed translucent gate.
 63859 | Elf:2    | Found a runed translucent gate.
 65761 | Elf:2    | Gained mutation: Your spells are a little easier to cast,
                  | but a little less powerful. [mutagenic glow]
 67408 | Elf:3    | Entered Level 3 of the Elven Halls
 68685 | Elf:3    | Reached skill level 14 in Spellcasting
 69765 | Elf:3    | Identified the cursed +0 long sword "Waoq" {holy, rC+}
 69906 | Elf:3    | Noticed a Brimstone Fiend
 69973 | Elf:3    | Identified the +5 battleaxe "Ycreogim" {flame, rPois Str+3
                  | Int+3}
 70226 | Elf:3    | Found Kusamemo's Distillery.
 70231 | Elf:3    | Bought a potion of heal wounds for 65 gold pieces
 70231 | Elf:3    | Bought a potion of cancellation for 104 gold pieces
 70231 | Elf:3    | Bought a potion of berserk rage for 65 gold pieces
 70517 | Elf:3    | Identified the +8 battleaxe of the Evening {venom, rC+}
 71566 | Elf:3    | Identified the ring of the Four Suns {MR+ Str+2 Dex+2
                  | Slay-2}
 71889 | Elf:3    | Identified the cursed +3 shortbow "Beetleslayer" {freeze,
                  | +Blink}
 72262 | Elf:3    | Identified the +2 spear "Spiderbane" {pain, Dex+2}
 72707 | Elf:3    | Got a shimmering graven amulet
 72756 | Elf:3    | Identified the amulet of Ubram {Inacc Int+3} (You found it
                  | on level 3 of the Elven Halls)
 72807 | Elf:3    | Got an ichor-stained hand crossbow
 72808 | Elf:3    | Identified the +8 hand crossbow of the Nine Princes {elec,
                  | *Corrode rF+ Int+10} (You found it on level 3 of the Elven
                  | Halls)
 73243 | Depths:1 | Found a gateway to Hell.
 75405 | Depths:1 | Noticed Mara
 75463 | Depths:1 | Noticed purzel's illusion
 75681 | Depths:1 | Noticed purzel's illusion
 76694 | Depths:2 | Found a runed translucent gate.
 76694 | Depths:2 | Found a runed translucent gate.
 76695 | Depths:2 | Noticed an ancient lich
 77003 | Depths:2 | Found a gateway to a ziggurat.
 77017 | Depths:2 | Reached XP level 20. HP: 96/136 MP: 39/44
 77302 | Depths:2 | Reached skill level 15 in Spellcasting
 77341 | Depths:2 | Noticed a golden dragon
 77723 | Vaults:1 | Entered Level 1 of the Vaults
 79258 | Vaults:1 | Found Plog's Magic Scroll Shoppe.
 79291 | Vaults:1 | Bought a scroll of amnesia for 52 gold pieces
 79291 | Vaults:1 | Bought a scroll of teleportation for 45 gold pieces
 79291 | Vaults:1 | Bought a scroll of fog for 30 gold pieces
 79291 | Vaults:1 | Bought a scroll of teleportation for 45 gold pieces
 79293 | Vaults:1 | Bought a scroll of enchant armour for 112 gold pieces
 79347 | Vaults:1 | Identified the cursed +0 shield of Loss {+Fly}
 79347 | Vaults:1 | Noticed Asterion
 79377 | Vaults:1 | Killed Asterion
 79694 | Vaults:1 | Reached skill level 16 in Spellcasting
 81131 | Vaults:2 | Found Usee's Antique Armour Shoppe.
 81616 | Vaults:3 | Got a heavily runed leather armour
 81620 | Vaults:3 | Found a staircase to the Crypt.
 81718 | Vaults:3 | Reached skill level 17 in Spellcasting
 81843 | Vaults:3 | Found a magical portal.
 81911 | WizLab   | Killed from afar by a spriggan air mage

Levels and vault maps discovered:
D:1:      minmay_arrival_checkered_box, layout_basic
D:2:      minmay_skewed_foursquare, layout_loops_corners,
          overflow_temple_1_default, roderic_serpentine_path,
          kennysheep_generic_room_9, uniq_terence
D:3:      layout_basic, nemelex_xobeh_ov_fountains_minmay
D:4:      layout_cave_pools, minmay_temple_entry_offerings, first_ration,
          ebering_ghost_reflecting_pool, makhleb_altar_promises_db
D:5:      layout_loops_corners, overflow_temple_1_default,
          nicolae_overflow_crystal_walls, uniq_ijyb, uniq_menkaure, uniq_duvessa
D:6:      layout_basic, trog_ov_bears_minmay, solitary_fountain, feat_on_display
D:7:      old_forge, layout_loops_cross, lemuel_coloured_pillars_altar,
          basic_altar
D:8:      layout_rooms, grunt_temple_overflow_lords_of_destruction,
          serial_shops, kennysheep_mini, blue_anna_alchemist
          [blue_anna_fruit_fields, blue_anna_fruit_fields],
          mrwooster_statue_mirror, uniq_maurice
D:9:      layout_loops_corners, lemuel_doored_altar,
          gammafunk_temple_overflow_elements, orc_0_dummy,
          hangedman_decor_slide_cut, minmay_fire_ice_demons
D:10:     layout_cave_pools, nicolae_trove_entry_diagonal
D:11:     layout_layer_cave, david_lair_shrubbed, uniq_nergalle
D:12:     minmay_statue_hallways, layout_irregular_city, serial_glass,
          glass_columns_a, glass_columns_a, glass_columns_b, glass_columns_b,
          glass_columns_a, glass_columns_a, basic_altar, uniq_azrael
D:13:     layout_rooms, erik_vaults_1, portal_ice_cave_entry_imps
D:14:     layout_irregular_city, einodemon_armed_red_devil_minivault
D:15:     gammafunk_depths_entry_grave, layout_loops_cross, bh_walls_and_bars,
          uniq_rupert
Lair:1:   layout_hall_layers, beast_lair_carwin_8, grunt_megastairs_5
Lair:2:   layout_gridlike
Lair:3:   layout_small_grid, spider_nest_entry_webs, minivault_29,
          minmay_lair_oklob_chamber, uniq_snorg, uniq_gastronok
Lair:4:   layout_roguey, elwin_shoals_entry_rooms, serial_bayou_shore_b
Lair:5:   layout_small_grid, slime_dummy
Lair:6:   minmay_lair_end_enchanted_forest, layout_gridlike,
          nicolae_volcano_entry_vermiform, bh_autumn_forest_stairs,
          minmay_lindwurm_lava, lemuel_fruit_tree
Shoals:1: layout_shoals
Shoals:2: layout_shoals, serial_shops, shop
Shoals:3: layout_shoals, gammafunk_ghost_necromancy, argonaut_gorgonesque
Shoals:4: shoals_end_grunt_ice, layout_shoals
Spider:1: nicolae_spider_mines_3, spiders_nest_hornet_nest
Spider:2: cheibrodos_forgotten_conduit, uniq_aizul, uniq_frances, uniq_agnes,
          uniq_nikola, uniq_arachne
Spider:3: layout_spider_delve, drop_trap, nicolae_orb_stairs
Spider:4: grunt_spider_rune_parallel
Orc:1:    layout_diamond_mine
Orc:2:    grunt_orc_gardens, layout_caves, grunt_orc_garden, grunt_orc_garden,
          grunt_orc_garden, grunt_orc_garden, gauntlet_entry_generic
Elf:1:    elf_arrival_002, layout_rooms, serial_shops,
          nicolae_shop_behind_doors, minmay_elf_demonology, moated_statue
Elf:2:    layout_geoelf_octagon, minmay_the_grid_square_5x5_3x3_mashed
          [minmay_the_grid_square_5x5_beaten_path,
          minmay_the_grid_square_5x5_checkered, minmay_the_grid_square_5x5_c,
          minmay_the_grid_square_5x5_inverted_slash,
          minmay_the_grid_square_5x5_megaprize_checkered,
          minmay_the_grid_square_5x5_mess, minmay_the_grid_square_5x5_six,
          minmay_the_grid_square_5x5_n, minmay_the_grid_square_5x5_spiral]
Elf:3:    minmay_elf_hall_curves, layout_loops_cross, serial_shops, shop,
          drop_trap, st_stairs_6, due_unseen_surprise
Vaults:1: v_alt_pattern_1, vaults_dpeg_ring, vaults_mumra_minichess_inversion,
          nicolae_vaults_rhombus_6, vaults_room_grunt_arrival_ludios, v_misc_19,
          vaults_dpeg_spiral, v_pattern_3, vaults_dpeg_diagonal,
          layout_vaults_omnibox, serial_shops, shop, uniq_asterion
Vaults:2: vaults_room_grid, ontoclasm_vaults_twist, hangedman_vaults_capsules,
          nicolae_vaults_shelves_hall, grunt_vaults_hallway_short,
          layout_vaults_omnigrid, serial_shops, shop
Vaults:3: hangedman_vaults_snaps, nicolae_vaults_angled_halls,
          ontoclasm_vaults_chip, minmay_crypt_entry_simple_statues,
          v_alt_pattern_1, ontoclasm_vaults_pinch, v_misc_24,
          grunt_vaults_hallway_short, hangedman_vaults_nails, v_misc_5,
          v_misc_33, v_pattern_5, layout_vaults_big_cross, mu_enter_wizlab_7,
          basic_altar, uniq_xtahua
Depths:1: layout_basic, hangedman_geh_valley, serial_sigils,
          serial_sigils_hangedman_stare, serial_sigils_hangedman_leer,
          serial_sigils_hangedman_clutch, serial_sigils_hangedman_snap,
          serial_sigils_hangedman_etch, dk_noncrumbling_3, evilmike_minifort,
          firewood_loft, uniq_mara
Depths:2: minmay_dotted_concentric_squares, layout_gridville, enter_ziggurat_f,
          gammafunk_ghost_necromancy, chequers_serial_rivers_marsh,
          grunt_hell_horde, grunt_decor_resistance
WizLab:   wizlab_cloud

Skill      XL: |  1  2  3  4  5  6  7  8  9 10 11 12 13 14 15 16 17 18 19 20 |
---------------+-------------------------------------------------------------+-----
Stealth        | 3 4 5 6 7 8 9 10 11 12 13 | 13.2
Short Blades   | 1 |  1.5
Dodging        | 2 3 4 5 6 7 |  7.0
Hexes          | 3 4 5 6 7 9 10 11 12 13 | 13.3
Spellcasting   | 2 3 4 5 6 7 8 9 10 11 12 13 14 17 | 17.0
Ice Magic      | 1 2 3 4 5 6 7 |  7.8
Armour         | 1 2 3 4 5 6 7 |  7.7
Long Blades    | 1 2 4 5 6 7 8 9 10 11 | 11.2
Shields        | 1 2 3 4 5 6 10 12 13 | 13.4
Fighting       | 1 2 3 4 5 6 7 |  7.5
Throwing       | 1 2 3 6 7 8 9 |  9.4
Summonings     | 2 3 4 5 6 |  6.6
Translocations | 1 2 3 |  3.2
Conjurations   | 1 2 3 |  3.1
Fire Magic     | 1 2 3 7 8 |  8.0
Evocations     | 1 2 3 |  3.1

Action                   |  1- 3 |  4- 6 |  7- 9 | 10-12 | 13-15 | 16-18 | 19-21 || total
-------------------------+-------+-------+-------+-------+-------+-------+-------++-------
Melee: Dagger            |    89 |     9 |       |       |       |       |       ||    98
       Falchion          |       |   126 |   282 |   643 |   321 |  1566 |  1149 ||  4087
       Scimitar          |       |       |       |     2 |     5 |     9 |       ||    16
Throw: Dart              |       |       |    54 |   301 |   158 |   766 |   194 ||  1473
       Boomerang         |       |       |     1 |     5 |     2 |     3 |       ||    11
 Cast: Corona            |     6 |       |    10 |     1 |     4 |    11 |    15 ||    47
       Ensorcelled Hiber |    17 |    44 |    68 |   177 |    66 |    43 |       ||   415
       Tukima's Dance    |       |     1 |    17 |    19 |    19 |   189 |    92 ||   337
       Confuse           |       |       |     4 |    35 |   101 |   670 |   261 ||  1071
       Summon Guardian G |       |       |       |    24 |    11 |    42 |    18 ||    95
       Summon Ice Beast  |       |       |       |    48 |    24 |   189 |   181 ||   442
       Blink             |       |       |       |    12 |    11 |    19 |     8 ||    50
       Conjure Flame     |       |       |       |       |       |    98 |    86 ||   184
       Fireball          |       |       |       |       |       |   115 |    82 ||   197
       Inner Flame       |       |       |       |       |       |     5 |       ||     5
       Gell's Gravitas   |       |       |       |       |       |     2 |       ||     2
       Cause Fear        |       |       |       |       |       |    21 |     6 ||    27
       Passage of Golubr |       |       |       |       |       |     4 |    31 ||    35
       Invisibility      |       |       |       |       |       |     2 |    29 ||    31
Evoke: Wand              |       |       |       |     8 |       |    29 |     2 ||    39
       Lightning rod     |       |       |       |       |     6 |     5 |    11 ||    22
       Fan of gales      |       |       |       |       |     1 |     3 |       ||     4
       Phial of floods   |       |       |       |       |       |     1 |     2 ||     3
       Box of beasts     |       |       |       |       |       |       |     3 ||     3
  Use: Scroll            |     3 |     6 |     9 |    20 |     6 |    33 |    15 ||    92
       Potion            |     1 |       |       |     5 |     5 |    15 |     8 ||    34
 Stab: Sleeping          |    13 |    31 |    51 |   103 |    36 |    38 |    11 ||   283
       Confused          |       |       |     4 |    13 |    27 |   277 |   108 ||   429
       Paralysed         |       |       |       |     9 |       |       |       ||     9
       Distracted        |       |       |       |     2 |     1 |    13 |    14 ||    30
       Held in net/web   |       |       |       |       |     1 |       |       ||     1
       Invisible         |       |       |       |       |       |     2 |    70 ||    72
       Fleeing           |       |       |       |       |       |     1 |     2 ||     3
  Eat: Chunk             |     5 |     6 |    15 |    26 |     6 |    44 |    28 ||   130
       Ration            |       |     1 |     2 |    10 |     3 |    17 |    11 ||    44
Armor: Robe              |     6 |       |       |    42 |       |       |       ||    48
       Leather armour    |     9 |     1 |       |       |       |       |       ||    10
       Ring mail         |       |    44 |    94 |   184 |   157 |   541 |   305 ||  1325
Dodge: Dodged            |    42 |    61 |   132 |   367 |   223 |   896 |   332 ||  2053
       Deflected         |       |       |       |       |       |    38 |       ||    38
Block: Buckler           |    13 |    28 |    59 |   216 |   136 |   435 |       ||   887
       Shield            |       |       |       |       |       |   337 |   669 ||  1006
       Reflection        |       |       |       |       |       |     6 |    65 ||    71
       Rpst.: Falchion   |       |    19 |    39 |   115 |    49 |   173 |    72 ||   467
       Scimitar          |       |       |       |       |       |     1 |       ||     1
